 Dungeon Crawl Stone Soup version 0.13-a0-1762-gc06daff (webtiles) character file.

149 KrakatoaEdd the Gusty (level 4, 0/35 HPs)
             Began as a Djinni Air Elementalist on June 22, 2013.
             Slain by an ooze (4 damage)
             ... on Level 3 of the Dungeon.
             The game lasted 00:09:43 (2535 turns).

KrakatoaEdd the Gusty (Djinni Air Elementalist)     Turns: 2535, Time: 00:09:44

HP   0/35        AC  2     Str  8      XL: 4   Next: 26%
MP   0/0         EV 12     Int 17      God:
Gold 63          SH  0     Dex 13      Spells:  3 memorised,  1 level left

Res.Fire  : + + +   See Invis. : .   h - +0 club
Res.Cold  : x . .   Warding    : .   a - +0 robe
Life Prot.: + + +   Conserve   : .   (no shield)
Res.Poison: .       Res.Corr.  : +   (no helmet)
Res.Elec. : .       Clarity    : .   (no cloak)
Sust.Abil.: . .     Spirit.Shd : .   (no gloves)
Res.Mut.  : .       Stasis     : .   (boots unavailable)
Res.Rott. : .       Flight     : .   k - amulet of resist corrosion
Saprovore : . . .                    (no ring)
                                     d - ring of sustenance

@: very slightly contaminated, slightly resistant to hostile enchantments,
unstealthy
A: no striking features
a: no special abilities


You were on level 3 of the Dungeon.
You were not hungry.

You visited 1 branch of the dungeon, and saw 3 of its levels.

You collected 43 gold pieces.

Inventory:

Hand weapons
 h - a +0,+0 club (weapon)
Armour
 a - a +0 robe (worn)
Magical devices
 m - a wand of random effects (13) {unknown}
Scrolls
 c - a scroll of magic mapping {unknown}
 i - 2 scrolls of remove curse {unknown}
 j - a scroll of identify
 l - a scroll of enchant armour {unknown}
Jewellery
 d - a ring of sustenance (left hand)
 k - an amulet of resist corrosion (around neck)
 n - an uncursed amulet of resist mutation
Potions
 e - a potion of restore abilities {unknown}
 f - 2 potions of curing {unknown}
 g - a potion of might {unknown}
 o - a potion of heal wounds {unknown}
Books
 b - a book of Air

   Spells                             Type                      Level
   *Shock                             Conjuration/Air              1
   *Swiftness                         Charms/Air                   2
   Repel Missiles                     Charms/Air                   2
   Flight                             Charms/Air                   3
   *Static Discharge                  Conjuration/Air              3
   Lightning Bolt                     Conjuration/Air              5


   Skills:
 - Level 1.7 Dodging
 - Level 1.5 Stealth
 + Level 2.1 Spellcasting
 + Level 2.6 Conjurations
 * Level 5.1 Air Magic


You had one spell level left.
You knew the following spells:

 Your Spells              Type           Power        Failure   Level  Hunger
a - Shock                 Conj/Air       ###.         4%          1    #......
b - Swiftness             Chrm/Air       ##........   12%         2    ##.....
c - Static Discharge      Conj/Air       ###.....     14%         3    ####...


Dungeon Overview and Level Annotations

Branches:
Dungeon (3/27)

Altars:
Yredelemnul


Message History

The zap misses the ooze.
Unknown command.
Casting: Shock
Confirm with . or Enter, or press ? or * to list all spells.
Aiming: Shock
Press: ? - help, Shift-Dir - straight line, f/p - ooze
Aim: an ooze (heavily wounded)
The zap hits the ooze.
The ooze is heavily wounded.
There is an escape hatch in the floor here.
Unknown command.
Casting: Shock
Confirm with . or Enter, or press ? or * to list all spells.
Aiming: Shock
Press: ? - help, Shift-Dir - straight line, f/p - ooze
Aim: an ooze (heavily wounded)
The zap hits the ooze.
The ooze is almost dead.
The ooze hits you.
You die...

...<.###.##.####.#.#########
........#........#.# #
....###.##.######.#########
#. #.................... #
####.###.#..######### .#.
#.# #.#..##### #
#....###.###.#..#.<.## #
#...J.##.#...###.####
##.#@.##.#...# #.....
#....##.###.###.####
#.##.##.# ##...## #.# .##.#
##.## ..# .##.# #.# #.# .#
#.# #. .. ... .. ... ##
#...#


You could see an ooze.

Vanquished Creatures
  Jessica (D:2)
  Terence (D:2)
  2 adders (D:2)
  A worm (D:3)
  An ooze (D:2)
  3 orcs (D:3)
  A giant cockroach (D:2)
  5 hobgoblins
  4 jackals (D:1)
  3 kobolds (D:1)
  A ball python (D:1)
  2 bats (D:1)
  2 giant newts
  3 goblins
  6 rats
36 creatures vanquished.

Vanquished Creatures (others)
  A giant newt (D:1)
  A kobold (D:1)
2 creatures vanquished.

Grand Total: 38 creatures vanquished

Notes
Turn   | Place    | Note
--------------------------------------------------------------
     0 | D:1      | KrakatoaEdd, the Djinni Air Elementalist, began the quest for the Orb.
     0 | D:1      | Reached XP level 1. HP: 14/14 MP: 0/0
   338 | D:1      | Reached XP level 2. EP: 4/21
   713 | D:1      | Reached skill level 4 in Air Magic
  1108 | D:2      | Learned a level 2 spell: Swiftness
  1208 | D:2      | Reached XP level 3. EP: 21/27
  1262 | D:2      | Found a basalt altar of Yredelemnul.
  1863 | D:2      | Noticed Jessica
  1869 | D:2      | Killed Jessica
  1872 | D:2      | Noticed Terence
  2051 | D:2      | Killed Terence
  2051 | D:2      | Reached XP level 4. EP: 9/35
  2271 | D:3      | Learned a level 3 spell: Static Discharge
  2324 | D:3      | Reached skill level 5 in Air Magic
  2535 | D:3      | Slain by an ooze

Action                   |  1- 3 |  4- 6 || total
-------------------------+-------+-------++-------
Melee: Unarmed           |     2 |       ||     2
       Club              |    15 |    15 ||    30
 Cast: Shock             |    79 |     9 ||    88
       Static Discharge  |       |     4 ||     4
  Use: Scroll            |     2 |     1 ||     3
